 Dungeon Crawl Stone Soup version 0.30.1-3-gfc49f6343a (webtiles) character file.

Game seed: 13066472394256672587

102 ChrisAssaf the Sneak (level 4, -3/34 HPs)
             Began as a Demonspawn Brigand on Aug 8, 2023.
             Was a Follower of Nemelex Xobeh.
             Slain by an orc priest
             ... wielding a +1 mace of holy wrath
              (7 damage)
             ... on level 3 of the Dungeon.
             The game lasted 00:08:57 (2577 turns).

ChrisAssaf the Sneak (Demonspawn Brigand)           Turns: 2577, Time: 00:08:58

Health: -3/34      AC:  5    Str: 11    XL:     4   Next: 49%
Magic:  5/5        EV: 12    Int: 15    God:    Nemelex Xobeh [*.....]
Gold:   195        SH:  4    Dex: 14    Spells: 4/5 levels left

rFire   . . .        p - +4 trident of Joke {venom, *Slow +Blink rElec SInv}
rCold   . . .        (no shield)
rNeg    . . .        b - +1 robe
rPois   .            (no helmet)
rElec   +            c - +1 cloak
rCorr   .            (no gloves)
SInv    +            (no boots)
Will    .....        (no amulet)
Stlth   +++          (no ring)
HPRegen 0.25/turn    (no ring)
MPRegen 0.09/turn

%: slow self (1%)
@: mighty
A: large bone plates 1, powered by pain 1
a: Renounce Religion, Evoke Blink, Draw Escape, Draw Destruction, Draw Summoning


You were on level 3 of the Dungeon.
You worshipped Nemelex Xobeh.
Nemelex Xobeh was aware of your devotion.
You visited 1 branch of the dungeon, and saw 6 of its levels.

You collected 195 gold pieces.

Inventory:

Hand Weapons
 a - a +2 dagger
 g - a +2 dagger of flaming
 p - the +4 trident of Joke (weapon) {venom, *Slow +Blink rElec SInv}
   (You found it on level 6 of the Dungeon)

   rElec:     It insulates you from electricity.
   SInv:      It lets you see invisible.
   +Blink:    It lets you blink.
   *Slow:     It may slow you when you take damage.
Missiles
 d - 9 poisoned darts
 e - 3 curare-tipped darts
Armour
 b - a +1 robe (worn)
 c - a +1 cloak (worn)
Scrolls
 f - a scroll of teleportation
 h - a scroll of poison {unknown}
 i - a scroll of amnesia {unknown}
 j - a scroll of identify {unknown}
 k - a scroll of fog {unknown}
 n - a scroll of silence {unknown}
Potions
 l - a potion of curing {unknown}
 o - a potion of heal wounds {unknown}


   Skills:
 * Level 2.4 Fighting
 * Level 2.2 Short Blades
 * Level 2.0 Throwing
 * Level 0.6 Armour
 * Level 1.1 Dodging
 * Level 4.4 Stealth
 * Level 1.2 Spellcasting
 * Level 0.4 Earth Magic
 * Level 0.7 Invocations


You had 4 spell levels left.
You knew the following spells:

 Your Spells              Type           Power      Damage    Failure   Level
a - Sandblast             Erth           4%         2d4       21%         1

Your spell library contained the following spells:

 Spells                   Type           Power      Damage    Failure   Level
 Passwall                 Tmut/Erth      0%         N/A       32%         2
 Stone Arrow              Conj/Erth      2%         3d7       54%         3
 Frozen Ramparts          Ice            0%         1d1       58%         3
 Portal Projectile        Hex/Tloc       0%         N/A       58%         3
 Tukima's Dance           Hex            0%         N/A       58%         3
 Ice Form                 Ice/Tmut       0%         N/A       94%         4
 Summon Ice Beast         Ice/Summ       0%         N/A       94%         4
 Blade Hands              Tmut           0%         N/A       100%        5


Dungeon Overview and Level Annotations

Branches:
Dungeon (6/15)
 Temple: D:4-7

Altars:
Dithmenos
Nemelex Xobeh


Innate Abilities, Weirdness & Mutations

You are partially covered in large bone plates. (SH +4)
You sometimes gain a little power by taking damage.


Message History

A mysterious force pulls you upwards. The hatch slams shut behind you.
The goblin shouts!
You hear a shout!
Found 9 gold pieces and a robe.
Found two stone staircases leading up.
You see here a +0 ring mail.
A hobgoblin comes into view.
Found 6 stones.
The goblin shouts!
Found 12 gold pieces and a square emerald amulet.
A black bear comes into view.
There is a stone staircase leading up here.
You climb upwards.
There is a stone staircase leading down here.
The bat barely misses you.
An orc and an orc priest come into view.
Found a scroll labelled ORUW EHUATIAXI.
The bat misses you.
The orc wizard shouts!
You hear a shout!
The orc wizard shouts!
You barely miss the bat. The bat closely misses you.
The orc wizard points at you and mumbles some strange words.
The puff of flame misses you.
You hear a shout!
The orc wizard gestures wildly while chanting.
The orc wizard flickers and vanishes for a moment.
The bat hits you but does no damage.
You hit the bat.
You kill the bat!
The orc wizard points at you and mumbles some strange words.
The magic dart hits you. The orc wizard casts a spell at you.
The magic dart hits you.
The orc priest mumbles some strange prayers to Beogh against you.
Pain shoots through your body! The orc wizard casts a spell at you.
The puff of flame hits you!
* * * LOW HITPOINT WARNING * * *
You focus on the pain.
You feel very mighty all of a sudden.
It was a potion of magic.
Magic courses through your body.
The orc priest hits you with a +1 mace of holy wrath!
You die...
Your body disappears without a glow.

#..............
.....
#..............
#
#...........#.#
.....
#..............
##.#.
#...o.......#
...
#...oo.o...#
##.. #o.#.# #.
##o#.# # #@>.#
##..#
###.#######
#..#
...........
.....
#####..####
...### ##.
#...# ## #...#
#...#


You could see an orc priest, an orc wizard and an orc.

Vanquished Creatures
  A gnoll (D:1)
  2 adders
  2 worms (D:2)
  A dart slug (D:1)
  4 ball pythons
  6 bats
  6 endoplasms
  A giant cockroach (D:2)
  9 goblins
  4 hobgoblins
  5 quokkas
  4 frilled lizards
  7 kobolds
  9 rats
61 creatures vanquished.

Notes
Turn   | Place    | Note
-------+----------+-------------------------------------------
     0 | D:1      | ChrisAssaf the Demonspawn Brigand began the quest for the
                  | Orb.
     0 | D:1      | Reached XP level 1. HP: 16/16 MP: 1/1
   201 | D:1      | Reached skill level 1 in Dodging
   201 | D:1      | Gained mutation: You are partially covered in large bone
                  | plates. (SH +4) [demonic ancestry]
   201 | D:1      | Reached XP level 2. HP: 22/22 MP: 2/2
   285 | D:1      | You fall into a shaft and drop 1 floor!
   285 | D:2      | Found a sparkling altar of Nemelex Xobeh.
   321 | D:2      | Became a worshipper of Nemelex Xobeh the Trickster
   335 | D:2      | Reached skill level 4 in Stealth
   363 | D:2      | Learned a level 1 spell: Sandblast
   393 | D:2      | Gained mutation: You sometimes gain a little power by
                  | taking damage. [demonic ancestry]
   393 | D:2      | Reached XP level 3. HP: 23/27 MP: 1/3
  1495 | D:1      | Reached skill level 1 in Spellcasting
  1497 | D:1      | Reached * piety under Nemelex Xobeh
  1544 | D:1      | Reached XP level 4. HP: 19/33 MP: 3/5
  2457 | D:3      | You fall into a shaft and drop 3 floors!
  2464 | D:6      | Found a shadowy altar of Dithmenos.
  2520 | D:6      | Identified the +4 trident of Joke {venom, *Slow +Blink
                  | rElec SInv}
  2541 | D:5      | Entered Level 5 of the Dungeon
  2557 | D:5      | Noticed a yak
  2557 | D:5      | Noticed a yak
  2567 | D:4      | Noticed a black bear
  2577 | D:3      | Slain by an orc priest

Illustrated notes

Levels and vault maps discovered:
D:1:      lordsloth_arrival_two_stooges, layout_basic
D:2:      layout_basic, basic_altar, patterned_corridor
D:3:      minmay_chambers_of_threes, layout_rooms
D:4:      layout_cave_pools, serial_shops, shop, uniq_ijyb
D:5:      minmay_diamond_boxcup, layout_basic, xom_teletrap_fun, uniq_edmund,
          uniq_blork_the_orc, uniq_pikel, uniq_menkaure
D:6:      layout_loops_ring, mainiacjoe_overflow_chevrons,
          mainiacjoe_overflow_24_doors, okawaru_ov_weapons_minmay, temple_green

Skill      XL: |  1  2  3 |
---------------+----------+-----
Dodging        | 1 |  1.1
Stealth        | 4 |  4.4
Short Blades   | 2 |  2.2
Spellcasting   | 1 |  1.2
Throwing       | 2 |  2.0
Fighting       | |  2.4
Armour         | |  0.6
Earth Magic    | |  0.4
Invocations    | |  0.7

Action                     |  1- 3 |  4- 6 || total
---------------------------+-------+-------++-------
  Melee: Dagger            |    87 |    35 ||   122
         Punch             |     1 |       ||     1
         Trident           |       |     2 ||     2
   Cast: Sandblast         |    18 |    18 ||    36
    Use: Scroll            |     1 |     2 ||     3
         Potion            |       |     1 ||     1
   Stab: Sleeping          |    14 |     5 ||    19
 Armour: Robe              |    19 |     9 ||    28
  Dodge: Dodged            |    25 |    32 ||    57
  Block: Other             |     6 |    11 ||    17
